R - U22
POMPANO BEACH AQUA SOX @ SIERRA VISTA HUMMINGBIRDS
07/12/2052
 
TOP OF THE 1ST
Tempe Impalas batting - Pitching for Phoenix Armadillos : RHP Juvenal Lora
Pitching: RHP Juvenal Lora
Batting: LHB Craig Burkemper 0-0: Foul Ball, location: 2F
0-1: Foul Ball, location: 2F
0-2: Strikes out swinging
Batting: RHB Greyson Jorde 0-0: Called Strike
0-1: Swinging Strike
0-2: Strikes out looking
Batting: LHB Ramon Valera 0-0: Ball
1-0: Ball
2-0: Fly out, F4 (Flyball, 4D, EV 75.0 MPH)
Top of the 1st over - 0 runs, 0 hits, 0 errors, 0 left on base; Tempe 0 - Phoenix 0
BOTTOM OF THE 1ST
Phoenix Armadillos batting - Pitching for Tempe Impalas : LHP Jonny Owens
Pitching: LHP Jonny Owens
Batting: RHB Julian Hyman 0-0: Ball
1-0: Ball
2-0: Foul Ball, location: 2F
2-1: Ball
3-1: Fly out, F7 (Flyball, 7S, EV 87.5 MPH)
Batting: RHB Grant Rodriguez 0-0: Ground out 6-3 (Groundball, 6, EV 81.2 MPH)
Batting: RHB Gustavo Valles 0-0: Called Strike
0-1: Swinging Strike
0-2: Ball
1-2: Strikes out looking
Bottom of the 1st over - 0 runs, 0 hits, 0 errors, 0 left on base; Tempe 0 - Phoenix 0
TOP OF THE 2ND
Tempe Impalas batting - Pitching for Phoenix Armadillos : RHP Juvenal Lora
Batting: RHB Sage Lewis 0-0: Ball
1-0: Ball
2-0: Ball
3-0: Base on Balls
Batting: RHB Stan Murray 0-0: Called Strike
0-1: Fly out, F8 (Flyball, 8RM, EV 90.0 MPH)
Batting: RHB Randolph Holmes 0-0: Ball
1-0: Ball
2-0: Called Strike
2-1: Fielders Choice at 2nd, 6-4 (Groundball, 6, EV 85.6 MPH)
Batting: RHB Oscar Lujan 0-0: Called Strike
0-1: Fly out, F9 (Flyball, 89D, EV 102.5 MPH)
Top of the 2nd over - 0 runs, 0 hits, 0 errors, 1 left on base; Tempe 0 - Phoenix 0
BOTTOM OF THE 2ND
Phoenix Armadillos batting - Pitching for Tempe Impalas : LHP Jonny Owens
Batting: RHB Austin Moore 0-0: Fly out, F7 (Flyball, 78D, EV 88.8 MPH)
Batting: RHB Gauge Jackson 0-0: Ball
1-0: Ball
2-0: Foul Ball, location: 2F
2-1: Foul Ball, location: 2F
2-2: Fly out, F8 (Flyball, 89M, EV 85.6 MPH)
Batting: LHB Luís Montes 0-0: Ball
1-0: Ball
2-0: Fly out, F9 (Line Drive, 9, EV 89.4 MPH)
Bottom of the 2nd over - 0 runs, 0 hits, 0 errors, 0 left on base; Tempe 0 - Phoenix 0
TOP OF THE 3RD
Tempe Impalas batting - Pitching for Phoenix Armadillos : RHP Juvenal Lora
Batting: LHB Marcin Javier 0-0: Ball
1-0: Ball
2-0: Ball
3-0: Called Strike
3-1: Foul Ball, location: 2F
3-2: Base on Balls
Batting: RHB Joel Reyes 0-0: SINGLE (Groundball, 4M, EV 103.8 MPH)
Marcin Javier to second
Batting: LHB Craig Burkemper 0-0: Called Strike
0-1: Foul Ball, location: 2F
0-2: Foul Ball, location: 2F
0-2: Ball
1-2: Foul Ball, location: 2F
1-2: Ball
2-2: Foul Ball, location: 2F
2-2: Ball
3-2: Foul Ball, location: 2F
3-2: Foul Ball, location: 2F
3-2: Strikes out swinging
Batting: RHB Greyson Jorde 0-0: Called Strike
0-1: Foul Ball, location: 2F
0-2: Fly out, F3 (Line Drive, 3, EV 68.1 MPH)
Batting: LHB Ramon Valera 0-0: Called Strike
0-1: Swinging Strike
0-2: Foul Ball, location: 2F
0-2: Strikes out looking
Top of the 3rd over - 0 runs, 1 hit, 0 errors, 2 left on base; Tempe 0 - Phoenix 0
BOTTOM OF THE 3RD
Phoenix Armadillos batting - Pitching for Tempe Impalas : LHP Jonny Owens
Batting: RHB Mark Kinsey 0-0: Ball
1-0: Ball
2-0: Fly out, F7 (Line Drive, 7D, EV 92.5 MPH)
Batting: RHB Bryce Packwood 0-0: Ball
1-0: Ball
2-0: Foul Ball, location: 2F
2-1: Called Strike
2-2: Fly out, F7 (Flyball, 78D, EV 104.4 MPH)
Batting: LHB Jacob Testa 0-0: SINGLE (Line Drive, 56D, EV 106.2 MPH)
Batting: RHB Julian Hyman 0-0: Called Strike
0-1: Ball
1-1: Called Strike
1-2: Fielders Choice at 2nd, 6-4 (Groundball, 6, EV 89.4 MPH)
Bottom of the 3rd over - 0 runs, 1 hit, 0 errors, 1 left on base; Tempe 0 - Phoenix 0
TOP OF THE 4TH
Tempe Impalas batting - Pitching for Phoenix Armadillos : RHP Juvenal Lora
Batting: RHB Sage Lewis 0-0: Called Strike
0-1: Ball
1-1: Swinging Strike
1-2: Ball
2-2: Ball
3-2: Fly out, F7 (Line Drive, 7, EV 88.8 MPH)
Batting: RHB Stan Murray 0-0: Fly out, F7 (Flyball, 7, EV 91.9 MPH)
Batting: RHB Randolph Holmes 0-0: Ground out 4-3 (Groundball, 4, EV 78.8 MPH)
Top of the 4th over - 0 runs, 0 hits, 0 errors, 0 left on base; Tempe 0 - Phoenix 0
BOTTOM OF THE 4TH
Phoenix Armadillos batting - Pitching for Tempe Impalas : LHP Jonny Owens
Batting: RHB Grant Rodriguez 0-0: Ball
1-0: Fly out, F8 (Flyball, 8RD, EV 88.8 MPH)
Batting: RHB Gustavo Valles 0-0: Called Strike
0-1: Ball
1-1: Ball
2-1: Foul Ball, location: 2F
2-2: Foul Ball, location: 2F
2-2: Ball
3-2: Ground out 5-3 (Groundball, 5S, EV 84.4 MPH)
Batting: RHB Austin Moore 0-0: Swinging Strike
0-1: Swinging Strike
0-2: Ball
1-2: Ground out 6-3 (Groundball, 6, EV 106.9 MPH)
Bottom of the 4th over - 0 runs, 0 hits, 0 errors, 0 left on base; Tempe 0 - Phoenix 0
TOP OF THE 5TH
Tempe Impalas batting - Pitching for Phoenix Armadillos : RHP Juvenal Lora
Batting: RHB Oscar Lujan 0-0: Called Strike
0-1: Ground out U3 (Groundball, 34, EV 110.6 MPH)
Batting: LHB Marcin Javier 0-0: Ball
1-0: SINGLE (Groundball, 6M, EV 98.8 MPH)
Batting: RHB Joel Reyes 0-0: Called Strike
Marcin Javier is caught stealing 2nd base 2-4
0-1: Ball
1-1: Ball
2-1: Ball
3-1: Base on Balls
Batting: LHB Craig Burkemper 0-0: Foul Ball, location: 2F
0-1: Swinging Strike
0-2: Strikes out looking
Top of the 5th over - 0 runs, 1 hit, 0 errors, 1 left on base; Tempe 0 - Phoenix 0
BOTTOM OF THE 5TH
Phoenix Armadillos batting - Pitching for Tempe Impalas : LHP Jonny Owens
Batting: RHB Gauge Jackson 0-0: Called Strike
0-1: Foul Ball, location: 2F
0-2: Ball
1-2: Foul Ball, location: 2F
1-2: Fly out, F7 (Flyball, 7, EV 90.0 MPH)
Batting: LHB Luís Montes 0-0: SINGLE (Groundball, 34D, EV 100.6 MPH)
Batting: RHB Mark Kinsey 0-0: Ball
1-0: DOUBLE (Flyball, 89XD, EV 110.0 MPH)
Luís Montes to third
Batting: RHB Bryce Packwood 0-0: Ground out 5-3 (Groundball, 5S, EV 78.1 MPH)
Batting: LHB Jacob Testa 0-0: Ball
1-0: Ball
2-0: Ball
3-0: Base on Balls
Batting: RHB Julian Hyman 0-0: Ball
1-0: Fielders Choice at 2nd, 6-4 (Groundball, 6, EV 101.2 MPH)
Bottom of the 5th over - 0 runs, 2 hits, 0 errors, 3 left on base; Tempe 0 - Phoenix 0
TOP OF THE 6TH
Tempe Impalas batting - Pitching for Phoenix Armadillos : RHP Juvenal Lora
Batting: RHB Greyson Jorde 0-0: Ball
1-0: Ground out 4-3 (Groundball, 4, EV 85.0 MPH)
Batting: LHB Ramon Valera 0-0: Ball
1-0: Fly out, F9 (Flyball, 89M, EV 92.5 MPH)
Batting: RHB Sage Lewis 0-0: Ball
1-0: Ball
2-0: Ball
3-0: Called Strike
3-1: SINGLE (Line Drive, 9LS, EV 101.9 MPH)
Batting: RHB Stan Murray 0-0: Ball
1-0: Called Strike
1-1: DOUBLE (Line Drive, 9LD, EV 105.6 MPH)
Sage Lewis to third
Batting: RHB Randolph Holmes 0-0: Ball
1-0: Foul Ball, location: 2F
1-1: Ball
2-1: Fly out, F8 (Line Drive, 8RD, EV 90.0 MPH)
Top of the 6th over - 0 runs, 2 hits, 0 errors, 2 left on base; Tempe 0 - Phoenix 0
BOTTOM OF THE 6TH
Phoenix Armadillos batting - Pitching for Tempe Impalas : LHP Jonny Owens
Batting: RHB Grant Rodriguez 0-0: Foul Ball, location: 2F
0-1: Ball
1-1: Foul Ball, location: 2F
1-2: Strikes out swinging
Batting: RHB Gustavo Valles 0-0: Ball
1-0: Ground out 5-3 (Groundball, 56, EV 80.0 MPH)
Pitching: RHP Ed Kyubei
Batting: RHB Austin Moore 0-0: Ball
1-0: Called Strike
1-1: Foul Ball, location: 2F
1-2: Foul Ball, location: 2F
1-2: Ball
2-2: Foul Ball, location: 2F
2-2: Foul Ball, location: 2F
2-2: Ball
3-2: Ground out 5-3 (Groundball, 5, EV 99.4 MPH)
Bottom of the 6th over - 0 runs, 0 hits, 0 errors, 0 left on base; Tempe 0 - Phoenix 0
TOP OF THE 7TH
Tempe Impalas batting - Pitching for Phoenix Armadillos : RHP Juvenal Lora
Batting: RHB Oscar Lujan 0-0: Called Strike
0-1: Ground out 4-3 (Groundball, 4, EV 87.5 MPH)
Batting: LHB Marcin Javier 0-0: Ball
1-0: Fly out, F7 (Flyball, 7S, EV 88.1 MPH)
Batting: RHB Joel Reyes 0-0: Called Strike
0-1: Reached on error, E5 (Groundball, 56S, EV 85.6 MPH)
Batting: LHB Craig Burkemper 0-0: Ground out 6-3 (Groundball, 6, EV 85.6 MPH)
Top of the 7th over - 0 runs, 0 hits, 1 error, 1 left on base; Tempe 0 - Phoenix 0
BOTTOM OF THE 7TH
Phoenix Armadillos batting - Pitching for Tempe Impalas : RHP Ed Kyubei
Pinch Hitting: LHB Frank January 0-0: Ball
1-0: Foul Ball, location: 2F
1-1: Foul Ball, location: 2F
1-2: Strikes out swinging
Batting: LHB Luís Montes 0-0: Called Strike
0-1: Foul Ball, location: 2F
0-2: Strikes out looking
Batting: RHB Mark Kinsey 0-0: Ball
1-0: Fly out, F7 (Flyball, 7S, EV 88.8 MPH)
Bottom of the 7th over - 0 runs, 0 hits, 0 errors, 0 left on base; Tempe 0 - Phoenix 0
TOP OF THE 8TH
Tempe Impalas batting - Pitching for Phoenix Armadillos : RHP Juvenal Lora
Pitching: RHP D.J. Harris
Now at 3B: Thiago Alexis
Pinch Hitting: SHB Kyle McClure 0-0: Ball
1-0: Called Strike
1-1: Foul Ball, location: 2F
1-2: Strikes out swinging
Batting: LHB Ramon Valera 0-0: Ball
1-0: Foul Ball, location: 2F
1-1: DOUBLE (Groundball, 5L, EV 103.1 MPH)
Batting: RHB Sage Lewis 0-0: Intentional Walk
Pinch Hitting: LHB Wandy Arreola 0-0: 3-RUN HOME RUN (Flyball, 89XD, EV 103.8 MPH), Distance : 434 ft
Pitching: RHP Daniel Anders
Batting: RHB Randolph Holmes 0-0: Ground out 5-3 (Groundball, 56, EV 82.5 MPH)
Batting: RHB Oscar Lujan 0-0: Ball
1-0: Ball
2-0: Ground out 6-3 (Groundball, 6, EV 87.5 MPH)
Top of the 8th over - 3 runs, 2 hits, 0 errors, 0 left on base; Tempe 3 - Phoenix 0
BOTTOM OF THE 8TH
Phoenix Armadillos batting - Pitching for Tempe Impalas : RHP Ed Kyubei
Now at SS: Carl Rose
Now in LF: Marcin Javier
Now in CF: Sebastiano Rodríguez
Pinch Hitting: RHB Lobo Vazquez 0-0: Ball
1-0: Fly out, F8 (Flyball, 78M, EV 87.5 MPH)
Batting: LHB Jacob Testa 0-0: Swinging Strike
0-1: Ball
1-1: Ball
2-1: Swinging Strike
2-2: Foul Ball, location: 2F
2-2: Strikes out swinging
Pinch Hitting: LHB Reid Schuster 0-0: Ball
1-0: DOUBLE (Line Drive, 8LXD, EV 108.8 MPH)
Batting: RHB Grant Rodriguez 0-0: Foul Ball, location: 2F
0-1: Ball
1-1: Ground out U3 (Groundball, 34, EV 88.1 MPH)
Bottom of the 8th over - 0 runs, 1 hit, 0 errors, 1 left on base; Tempe 3 - Phoenix 0
TOP OF THE 9TH
Tempe Impalas batting - Pitching for Phoenix Armadillos : RHP Daniel Anders
Now at 2B: Lobo Vazquez
Now in LF: Reid Schuster
Batting: LHB Marcin Javier 0-0: Ground out U3 (Groundball, 13, EV 79.4 MPH)
Batting: RHB Joel Reyes 0-0: Foul Ball, location: 2F
0-1: Foul Ball, location: 2F
0-2: Ball
1-2: Fly out, F9 (Line Drive, 9D, EV 106.9 MPH)
Batting: LHB Craig Burkemper 0-0: Foul Ball, location: 2F
0-1: Called Strike
0-2: Fly out, F6 (Line Drive, 6, EV 65.6 MPH)
Top of the 9th over - 0 runs, 0 hits, 0 errors, 0 left on base; Tempe 3 - Phoenix 0
BOTTOM OF THE 9TH
Phoenix Armadillos batting - Pitching for Tempe Impalas : RHP Ed Kyubei
Pitching: RHP Wyatt Dawson
Batting: RHB Gustavo Valles 0-0: Ball
1-0: Called Strike
1-1: Called Strike
1-2: Ball
2-2: Ground out 5-3 (Groundball, 56S, EV 71.2 MPH)
Batting: RHB Austin Moore 0-0: Ball
1-0: Swinging Strike
1-1: Swinging Strike
1-2: Ball
2-2: Ball
3-2: Foul Ball, location: 2F
3-2: Base on Balls
Batting: LHB Thiago Alexis 0-0: Ball
1-0: Ball
2-0: Foul Ball, location: 2F
2-1: Called Strike
2-2: Ball
3-2: Base on Balls
Austin Moore to second
Batting: LHB Luís Montes 0-0: Swinging Strike
0-1: Ball
Wild Pitch!
Austin Moore to third
Thiago Alexis to second
1-1: Ball
2-1: Called Strike
2-2: Ground out 4-3 (Groundball, 4, EV 90.0 MPH)
Austin Moore scores
Thiago Alexis to third
Batting: RHB Mark Kinsey 0-0: Ball
1-0: Reached on error, E6 (Groundball, 56D, EV 80.6 MPH)
Thiago Alexis scores
Pitching: RHP Karim Bickel
Batting: RHB Lobo Vazquez 0-0: Ball
1-0: Ground out U3 (Groundball, 3, EV 77.5 MPH)
Bottom of the 9th over - 2 runs, 0 hits, 1 error, 1 left on base; Tempe 3 - Phoenix 2
Sunday, April 28th , 2024 - OOTP Baseball 24.11 Build 85